 Dungeon Crawl Stone Soup version 0.28-a0-793-g31680bbd8b (webtiles) character file.

Game seed: 5819874363119771140

82474 siradein the End of an Era (level 15, -16/122 HPs)
             Began as a Demonspawn Fighter on Nov 3, 2021.
             Was the Champion of Qazlal.
             Demolished by a death scarab (26 damage)
             ... summoned by a glowing orange brain
             ... in a Gauntlet.
             The game lasted 01:45:26 (19466 turns).

siradein the End of an Era (Demonspawn Fighter)    Turns: 19466, Time: 01:45:27

Health: -16/122    AC:  3    Str: 23      XL:     15   Next: 29%
Magic:  25/25      EV:  7    Int: 11 (12) God:    Qazlal [******]
Gold:   1422       SH:  0    Dex: 19      Spells: 12/14 levels left

rFire   + . .      SeeInvis .   H - +5 broad axe (elec)
rCold   + + .      Faith    .   Z - +3 tower shield
rNeg    . . .      Spirit   .   b - +6 scale mail of Cipsag {rPois Int+3 Dex+3}
rPois   +          Reflect  .   u - +1 hat
rElec   .          Harm     .   (cloak unavailable)
rCorr   .          Rampage  .   w - +2 pair of gloves {Str+3}
Will    ++...      NoTele   +   F - +0 pair of boots
Stlth   ..........              q - amulet of regeneration
HPRegen 1.30/turn               m - ring of the Garden {rF+ rC++ AC+4}
MPRegen 0.19/turn               L - +4 ring of protection

@: confused, afraid, corroded, slowed, repel missiles, very slow
A: foul stench 1, powered by death 1, sharp scales 2, weakness stinger 3,
strong-willed 1, sense surroundings 1, subdued magic 1
a: Renounce Religion, Upheaval, Elemental Force, Disaster Area


You were in a Gauntlet.
You worshipped Qazlal.
Qazlal was exalted by your worship.
You visited 4 branches of the dungeon, and saw 21 of its levels.
You also visited: Trove, Sewer, Ossuary and Gauntlet.

You collected 3426 gold pieces.
You spent 2004 gold pieces at shops.

Inventory:

Hand Weapons
 r - the +2 war axe "Tumnipteusm" {venom, rPois rF- rC+}
   (You found it in a treasure trove)

   It poisons the flesh of those it strikes.
   rF:        It makes you vulnerable to fire.
   rC:        It protects you from cold.
   rPois:     It protects you from poison.
 H - a +5 broad axe of electrocution (weapon)
 O - a +0 war axe of flaming
Missiles
 c - 6 throwing nets
 s - 126 poisoned darts (quivered)
 y - 3 atropa-tipped darts
 X - 2 curare-tipped darts
Armour
 b - the +6 scale mail of Cipsag (worn) {rPois Int+3 Dex+3}
   (You bought it in a shop on level 1 of the Orcish Mines)

   Int:       It affects your intelligence (+3).
   Dex:       It affects your dexterity (+3).
   rPois:     It protects you from poison.
 u - a +1 hat (worn)
 w - a +2 pair of gloves of strength (worn)
 F - a +0 pair of boots (worn)
 Z - a +3 tower shield (worn)
Jewellery
 m - the ring of the Garden (left hand) {rF+ rC++ AC+4}
   (You bought it in a shop on level 2 of the Orcish Mines)

   [ring of protection]

   AC:        It affects your AC (+4).
   rF:        It protects you from fire.
   rC:        It greatly protects you from cold.
 q - an amulet of regeneration (around neck)
 t - a ring of protection from cold
 L - a +4 ring of protection (right hand)
Wands
 e - a wand of charming (10)
 l - a wand of polymorph (15)
 C - a wand of paralysis (10)
 I - a wand of iceblast (14)
 P - a wand of flame (34)
 Q - a wand of acid (14)
 W - a wand of digging (6)
Scrolls
 a - 2 scrolls of acquirement
 f - 7 scrolls of teleportation
 h - 5 scrolls of amnesia
 v - a scroll of brand weapon
 z - 5 scrolls of blinking
 B - a scroll of fog
 K - 2 scrolls of magic mapping
 R - 3 scrolls of silence
 T - 4 scrolls of fear
 U - 3 scrolls of immolation
 V - a scroll of summoning {unknown}
Potions
 d - 4 potions of might
 g - 10 potions of curing
 k - 2 potions of haste
 n - 5 potions of invisibility
 o - 2 potions of berserk rage
 p - 4 potions of brilliance
 x - 3 potions of magic
 A - 5 potions of heal wounds
 D - 4 potions of resistance
 E - a potion of cancellation
 J - 2 potions of ambrosia
 S - a potion of flight
Miscellaneous
 i - a tin of tremorstones (2/2)
 j - a piece from Xom's chessboard (15/15)


   Skills:
 + Level 12.5 Fighting
 + Level 11.3 Axes
 + Level 11.6 Armour
 + Level 11.6 Shields
 + Level 5.8 Transmutations
 + Level 13.8 Invocations
 + Level 6.5 Evocations


You had 12 spell levels left.
You knew the following spells:

 Your Spells              Type           Power      Damage    Failure   Level
a - Wereblood             Tmut           9%         N/A       47%         2

Your spell library contained the following spells:

 Spells                   Type           Power      Damage    Failure   Level
 Animate Skeleton         Necr           0%         N/A       98%         1
 Apportation              Tloc           0%         N/A       98%         1
 Magic Dart               Conj           0%         1d3       98%         1
 Summon Small Mammal      Summ           0%         N/A       98%         1
 Corpse Rot               Necr/Air       0%         N/A       99%         2
 Ensorcelled Hibernation  Hex/Ice        0%         N/A       99%         2
 Poisonous Vapours        Pois/Air       0%         N/A       99%         2
 Searing Ray              Conj           0%         2d4       99%         2
 Sublimation of Blood     Necr           0%         N/A       99%         2
 Call Canine Familiar     Summ           0%         N/A       100%        3
 Summon Guardian Golem    Hex/Summ       0%         N/A       100%        3
 Tukima's Dance           Hex            0%         N/A       100%        3
 Fulminant Prism          Conj/Hex       0%         3d6       100%        4
 Iskenderun's Mystic Bla  Conj/Tloc      0%         2d3       100%        4
 Summon Ice Beast         Ice/Summ       0%         N/A       100%        4
 Lee's Rapid Deconstruct  Erth           0%         3d5*      100%        5
 Summon Mana Viper        Hex/Summ       0%         N/A       100%        5
 Monstrous Menagerie      Summ           0%         N/A       100%        7
 Summon Hydra             Summ           0%         N/A       100%        7


Dungeon Overview and Level Annotations

Branches:
Dungeon (12/15)            Temple (1/1) D:5            Lair (6/6) D:8
  Swamp (0/4) Lair:3        Snake (0/4) Lair:3        Slime (0/5) Lair:6
    Orc (2/2) D:10            Elf (0/3) Orc:2         Sewer (visited)
Ossuary (visited)         Gauntlet (1/1)

Altars:
Ashenzari
Cheibriados
Dithmenos
Elyvilon
Fedhas
Gozag
Hepliaklqana
Kikubaaqudgha
Makhleb
Nemelex Xobeh
Okawaru
Qazlal
Ru
Sif Muna
Trog
Uskayaw
Vehumet
Wu Jian
Xom
Yredelemnul
Zin
The Shining One

Shops:
D:3 *   D:4 (*   D:11 !   Orc:1 [   Orc:2 (=([

Annotations:
D:8 2 transporters
Lair:3 3 runed translucent doors Gauntlet 9 transporters, 2 runed translucent doors


Innate Abilities, Weirdness & Mutations

You may rarely emit foul miasma when damaged in melee.
You regenerate a little health from kills.
You are mostly covered in razor-sharp scales. (AC +2, Slay +2)
You have a sharp stinger which inflicts weakening toxins.
You are strong-willed. (Will+)
You passively map a small area around you.
Your spells are a little easier to cast, but a little less powerful.


Message History

Lightning courses through the death scarab!!
You block the death scarab's attack. The death scarab bites you!
The death scarab drains your vigour!
You feel as though you will be slow longer.
The death scarab draws strength from your injuries!
The glowing orange brain pulsates.
You are confused.
The rust devil hits you. The rust devil corrodes you!
The death scarab bites you!!
* * * LOW HITPOINT WARNING * * *
The death scarab drains your vigour!
You feel as though you will be slow longer.
The death scarab draws strength from your injuries!
The rust devil barely misses you.
You feel much better. The death scarab bites you!
* * * LOW HITPOINT WARNING * * *
The death scarab draws strength from your injuries!
The death scarab bites you but does no damage.
The rust devil barely misses you.
The death scarab bites you but does no damage.
You slash the glowing orange brain!
Lightning courses through the glowing orange brain!
The glowing orange brain is almost dead.
You miss the death scarab. You hit the rust devil.
The rust devil is no longer weakened.
The death scarab bites you!
* * * LOW HITPOINT WARNING * * *
The death scarab drains your vigour!
You feel as though you will be slow longer.
The death scarab draws strength from your injuries!
The death scarab bites you!
* * * LOW HITPOINT WARNING * * *
The death scarab drains your vigour!
You feel as though you will be slow longer.
The death scarab draws strength from your injuries!
The rust devil barely misses you.
The glowing orange brain pulsates.
Something tries to feed on your intellect!
The rust devil hits you. The rust devil corrodes you!
The death scarab bites you!!
You die...

#≈≈≈#...#########.≈≈# *
* #...#...#8..©#....≈##
#...#.8.#©...#.8..##
.##.8.#.⌠.#8..©#....≈##
*
....©.#.8.#########.≈≈#
*
.##.8.#...#.##.##.#.≈##
, #.©.#...##..#..##.##
.##.8.#.8.###G##.##.≈##
....©.#.∩.#B@#©.#.#.≈≈#
.##.8.#.8.##4##†###.≈##
* #.©.#...#B#..#..#.##
.##.8.#...#?##©##.#.≈##
....©.#.8.#########.≈≈#
*.##.8.#.⌠.#8..©#....≈##
#...#.8.#©...#.8..##
#...#...#8..©#....≈##
#≈≈≈#...#########.≈≈#


You could see a glowing orange brain (scary), a rust devil (summoned) and 2
death scarabs.

Vanquished Creatures
  A merfolk javelineer (Orc:1)
  An ettin (Orc:2)
  The ghost of freelancePsychic the Grappler, a journeyman TrMo of Ru (Lair:3)
  Harold (D:11)
  4 hydras
  A centaur warrior (Orc:1)
  2 catoblepae
  4 boulder beetles
  A death knight (D:10)
  4 ogre magi (Orc:2)
  The ghost of ders the Fighter, a journeyman GrFi of Yredelemnul (Orc:1)
  17 two-headed ogres
  5 death yaks (Lair:6)
  2 tengu warriors (Orc:1)
  A deep troll shaman (Lair:6)
  A skeletal warrior (D:10)
  A sixfirhy (Gauntlet)
  A glowing orange brain (Gauntlet)
  Pikel (D:7)
  An orc knight (Orc:2)
  A lindwurm (Lair:6)
  2 oklob plants
  A cyclops (Orc:1)
  2 ugly things
  A wolf spider (Lair:3)
  8 elephants
  A manticore (D:9)
  6 black mambas
  6 cane toads
  A kobold demonologist (D:12)
  An unseen horror (D:11)
  2 torpor snails
  2 rime drakes (Lair:3)
  14 komodo dragons
  A freezing wraith (D:10)
  4 trolls
  2 polar bears (Lair:6)
  28 blink frogs
  7 slime creatures
  3 jumping spiders (Lair:3)
  Prince Ribbit (D:6)
  13 dream sheep (Lair:6)
  A redback (Lair:3)
  3 wraiths
  60 yaks
  A basilisk (Lair:3)
  3 wyverns
  2 vampire mosquitoes (D:12)
  Edmund (D:5)
  7 wargs
  Menkaure (D:4)
  4 nagas (Lair:3)
  An acid dragon (D:10)
  25 water moccasins
  17 orc warriors
  31 ogres
  4 black bears
  3 ice beasts (D:6)
  3 necrophages
  21 wolves
  7 centaurs
  12 kobold brigands
  2 phantoms
  16 bullfrogs
  A gnoll sergeant (D:7)
  A wyvern zombie (D:7)
  4 scorpions
  2 wyvern skeletons (D:7)
  4 killer bees (D:5)
  5 wights (D:8)
  3 howler monkeys (D:7)
  An electric eel (Orc:2)
  A human zombie (Ossuary)
  4 centaur zombies
  A bullfrog skeleton (D:4)
  A centaur skeleton (D:5)
  2 hounds (D:5)
  11 orc priests
  Crazy Yiuf (D:2)
  A gnoll shaman (D:8)
  12 jellies
  3 iguanas
  5 hell rats (Lair:3)
  22 orc wizards
  A killer bee zombie (D:6)
  A hound zombie (D:5)
  4 mummies
  A howler monkey skeleton (D:5)
  16 gnolls
  10 adders
  A river rat (Sewer)
  A white imp (D:5)
  5 ufetubi
  2 adder zombies (Ossuary)
  6 worms
  2 dart slugs
  56 orcs
  29 endoplasms
  A giant cockroach (D:2)
  6 goblins
  2 hobgoblins (D:2)
  6 jackals
  2 quokkas
  13 ball pythons
  4 bats (D:1)
  5 frilled lizards
  6 goblin zombies
  6 hobgoblin zombies (Ossuary)
  27 kobolds
  3 kobold zombies
  A quokka zombie (Ossuary)
  7 rats
  A rat zombie (Ossuary)
693 creatures vanquished.

Vanquished Creatures (others)
  54 fungi
  58 plants
  2 withered plants (Lair:3)
114 creatures vanquished.

Grand Total: 807 creatures vanquished

Notes
Turn   | Place    | Note
-------+----------+-------------------------------------------
     0 | D:1      | siradein the Demonspawn Fighter began the quest for the
                  | Orb.
     0 | D:1      | Reached XP level 1. HP: 18/18 MP: 1/1
     3 | D:1      | Noticed an electric eel
     4 | D:1      | Noticed an electric eel
   135 | D:1      | Found a faded altar of an unknown god.
   558 | D:1      | Gained mutation: You are partially covered in razor-sharp
                  | scales. (AC +1, Slay +1) [demonic ancestry]
   558 | D:1      | Reached XP level 2. HP: 24/24 MP: 2/2
  1222 | D:1      | Reached XP level 3. HP: 19/29 MP: 3/3
  1499 | D:2      | Found an iron altar of Okawaru.
  2261 | D:2      | Reached XP level 4. HP: 35/35 MP: 4/4
  2347 | D:2      | Found a runed translucent door.
  2348 | D:2      | Noticed Crazy Yiuf
  2663 | D:3      | Noticed a necrophage
  2673 | D:3      | Killed a necrophage
  2674 | D:3      | Gained mutation: You are mostly covered in razor-sharp
                  | scales. (AC +2, Slay +2) [demonic ancestry]
  2674 | D:3      | Reached XP level 5. HP: 42/42 MP: 5/5
  2893 | D:3      | Found Mucrul's Assorted Antiques.
  3066 | D:3      | Found a glowing drain.
  3080 | Sewer    | Entered a sewer
  3276 | Sewer    | Reached XP level 6. HP: 49/49 MP: 6/6
  3552 | Sewer    | Gained mutation: You have a small tail. [demonic ancestry]
  3552 | Sewer    | Reached XP level 7. HP: 18/55 MP: 7/7
  3712 | Sewer    | Reached skill level 5 in Fighting
  4375 | D:4      | Found Esoaceru's General Store.
  4454 | D:4      | Found Huigush's Weapon Shoppe.
  4600 | D:4      | Noticed Menkaure
  4623 | D:4      | Killed Menkaure
  5043 | D:4      | Reached skill level 5 in Armour
  5043 | D:4      | Reached skill level 5 in Shields
  5043 | D:4      | Gained mutation: You may rarely emit foul miasma when
                  | damaged in melee. [demonic ancestry]
  5043 | D:4      | Reached XP level 8. HP: 48/63 MP: 8/8
  5189 | D:2      | Killed Crazy Yiuf
  5293 | D:5      | Entered Level 5 of the Dungeon
  5386 | D:5      | Reached skill level 5 in Axes
  5492 | D:5      | Found an ornate altar of the Wu Jian Council.
  5569 | D:5      | Found a staircase to the Ecumenical Temple.
  5668 | Temple   | Entered the Ecumenical Temple
  5850 | Temple   | Became a worshipper of Qazlal Stormbringer
  5898 | D:5      | Noticed Edmund
  5983 | D:5      | Killed Edmund
  6087 | D:5      | Reached skill level 1 in Invocations
  6105 | D:5      | Reached XP level 9. HP: 71/71 MP: 9/9
  6444 | D:6      | Found a transporter.
  6573 | D:6      | Reached skill level 2 in Invocations
  6650 | D:6      | Noticed Prince Ribbit
  6658 | D:6      | Killed Prince Ribbit
  6675 | D:6      | Found a sand-covered staircase.
  6690 | Ossuary  | Entered an ossuary
  6697 | Ossuary  | Reached skill level 3 in Invocations
  6714 | Ossuary  | Reached * piety under Qazlal
  7209 | D:6      | Found a transporter.
  7330 | D:7      | Reached ** piety under Qazlal
  7419 | D:7      | Reached skill level 4 in Invocations
  7488 | D:7      | Noticed Pikel
  7497 | D:7      | Killed Pikel
  7633 | D:7      | Gained mutation: You have a tail ending in a sharp stinger.
                  | [demonic ancestry]
  7633 | D:7      | Reached XP level 10. HP: 79/79 MP: 13/13
  7633 | D:7      | Identified the +5 lajatang of Quick Death {spect, rF+++ rC-
                  | Will- rCorr}
  7650 | D:7      | Reached skill level 5 in Invocations
  8039 | D:8      | Found a hide-covered altar of Uskayaw.
  8222 | D:8      | Found a broken altar of Ashenzari.
  8319 | D:8      | Found a staircase to the Lair.
  8325 | D:8      | Reached *** piety under Qazlal
  8326 | D:8      | Reached skill level 6 in Invocations
  8517 | D:8      | Found a transporter.
  8517 | D:8      | Found a transporter.
  8517 | D:8      | Noticed a boulder beetle
  8658 | D:9      | Found a sparkling altar of Nemelex Xobeh.
  8659 | D:9      | Noticed a two-headed ogre
  8666 | D:9      | Killed a two-headed ogre
  8682 | D:9      | Reached skill level 7 in Invocations
  8691 | D:9      | Identified the +2 buckler "Tugiun" {rCorr Int+7 Dex-4
                  | Stlth+}
  9079 | D:9      | Noticed a manticore
  9092 | D:9      | Killed a manticore
  9093 | D:9      | Reached XP level 11. HP: 73/87 MP: 16/16
  9410 | D:10     | Entered Level 10 of the Dungeon
  9455 | D:10     | Noticed a death knight
  9458 | D:10     | Noticed a skeletal warrior
  9615 | D:10     | Found a staircase to the Orcish Mines.
  9618 | D:10     | Reached **** piety under Qazlal
  9750 | D:10     | Found a sacrificial altar of Ru.
  9804 | D:10     | Found an iron altar of Okawaru.
 10186 | D:10     | Killed a death knight
 10187 | D:10     | Reached skill level 8 in Invocations
 10250 | D:10     | Killed a skeletal warrior
 10305 | D:10     | Found a portal to a secret trove of treasure.
 10320 | Trove    | Entered a treasure trove
 10346 | Trove    | Identified the +2 war axe "Tumnipteusm" {venom, rPois rF-
                  | rC+}
 10348 | Trove    | Identified the +4 mace of Fufuyhia {vorpal, Int+4}
 10352 | Trove    | Identified the +1 leather armour of Mafasum {Rampage +Inv
                  | rF- rN++}
 10556 | D:11     | Noticed a boulder beetle
 10570 | D:11     | Killed a boulder beetle
 10586 | D:11     | Identified a scroll of acquirement
 10742 | D:11     | Noticed a four-headed hydra
 10747 | D:11     | Killed a one-headed hydra
 10771 | D:11     | Noticed Harold
 10780 | D:11     | Killed Harold
 10781 | D:11     | Reached skill level 9 in Invocations
 10953 | D:11     | Found Ciydgh's Distillery.
 10988 | D:11     | Bought a potion of magic for 128 gold pieces
 10988 | D:11     | Bought a potion of attraction for 48 gold pieces
 10988 | D:11     | Bought a potion of degeneration for 16 gold pieces
 11275 | D:11     | Noticed a two-headed ogre
 11330 | D:11     | Killed a two-headed ogre
 11733 | Lair:1   | Entered Level 1 of the Lair of Beasts
 11789 | Lair:1   | Reached XP level 12. HP: 88/97 MP: 19/19
 11831 | Lair:1   | Noticed a four-headed hydra
 11835 | Lair:1   | Reached skill level 10 in Fighting
 11843 | Lair:1   | Killed a one-headed hydra
 11848 | Lair:1   | Reached skill level 10 in Invocations
 12578 | Lair:2   | Noticed a five-headed hydra
 12590 | Lair:2   | Killed a one-headed hydra
 13563 | Lair:2   | Identified the +3 short sword of the Sugar Beet {venom,
                  | *Slow Str+3 Dex+2}
 13796 | Lair:3   | Reached skill level 11 in Invocations
 13998 | Lair:3   | Found a staircase to the Snake Pit.
 14018 | Lair:3   | Learned a level 2 spell: Wereblood
 14140 | Lair:3   | Reached XP level 13. HP: 99/105 MP: 21/21
 14168 | Lair:3   | Reached skill level 10 in Armour
 14168 | Lair:3   | Reached skill level 10 in Shields
 14244 | Lair:3   | Found a staircase to the Swamp.
 14263 | Lair:3   | Found a runed translucent door.
 14264 | Lair:3   | Noticed freelancePsychic's ghost (journeyman TrMo)
 14483 | Lair:3   | Reached skill level 1 in Evocations
 14667 | Lair:3   | Killed freelancePsychic's ghost
 14668 | Lair:3   | Reached skill level 1 in Transmutations
 14698 | Lair:3   | Gained mutation: Your spells are a little easier to cast,
                  | but a little less powerful. [potion of mutation]
 14698 | Lair:3   | Gained mutation: You are dopey. (Int -2) [potion of
                  | mutation]
 14698 | Lair:3   | Gained mutation: You are resistant to electric shocks.
                  | (rElec) [potion of mutation]
 14699 | Lair:3   | Lost mutation: You are dopey. (Int -2) [potion of mutation]
 14699 | Lair:3   | Lost mutation: You are resistant to electric shocks.
                  | (rElec) [potion of mutation]
 14699 | Lair:3   | Gained mutation: You have a pair of small horns on your
                  | head. [potion of mutation]
 14699 | Lair:3   | Gained mutation: You passively map a small area around you.
                  | [potion of mutation]
 14699 | Lair:3   | Lost mutation: You have a pair of small horns on your head.
                  | [potion of mutation]
 14699 | Lair:3   | Gained mutation: You are strong-willed. (Will+) [potion of
                  | mutation]
 14811 | Lair:3   | Found a runed translucent door.
 14834 | Lair:3   | Identified the +8 whip "Monu" {vorpal, Str+5}
 14858 | Lair:3   | Found a runed translucent gate.
 14858 | Lair:3   | Found a runed translucent gate.
 14858 | Lair:3   | Found a runed translucent gate.
 14858 | Lair:3   | Found a runed translucent gate.
 14859 | Lair:3   | Found a runed translucent gate.
 14860 | Lair:3   | Found a runed translucent gate.
 15423 | Lair:4   | Reached skill level 10 in Axes
 15479 | Lair:4   | Identified the -8 kite shield of the Equator {rPois Str+3}
 16034 | Lair:5   | You fall into a shaft and drop 1 floor!
 16034 | Lair:6   | Entered Level 6 of the Lair of Beasts
 16048 | Lair:6   | Reached skill level 12 in Invocations
 16209 | Lair:6   | Reached ***** piety under Qazlal
 16284 | Lair:6   | Gained mutation: You have a sharp stinger which inflicts
                  | weakening toxins. [demonic ancestry]
 16284 | Lair:6   | Reached XP level 14. HP: 113/113 MP: 23/23
 17033 | Lair:6   | Found a staircase to the Slime Pits.
 17384 | Lair:6   | Found a hide-covered altar of Uskayaw.
 17505 | Lair:6   | Upgraded the game from 0.28-a0-779-g3d1f99b579 to
                  | 0.28-a0-793-g31680bbd8b
 17711 | Orc:1    | Entered Level 1 of the Orcish Mines
 17730 | Orc:1    | Reached skill level 5 in Evocations
 17809 | Orc:2    | Entered Level 2 of the Orcish Mines
 17833 | Orc:2    | Reached ****** piety under Qazlal
 17834 | Orc:2    | Reached skill level 13 in Invocations
 17931 | Orc:1    | Reached skill level 5 in Transmutations
 18173 | Orc:2    | Found a staircase to the Elven Halls.
 18304 | Orc:2    | Found Cygil's Antique Armour Boutique.
 18304 | Orc:2    | Found Lownuocu's Jewellery Shoppe.
 18305 | Orc:2    | Found Tizxyher's Weapon Shoppe.
 18305 | Orc:2    | Found Ziuntuam's Weapon Shop.
 18315 | Orc:2    | Bought the ring of the Garden {rF+ rC++ AC+4} for 945 gold
                  | pieces
 18395 | Orc:2    | Gained mutation: You regenerate a little health from kills.
                  | [demonic ancestry]
 18395 | Orc:2    | Reached XP level 15. HP: 122/122 MP: 25/25
 18634 | Orc:1    | Found Racewn Feagg's Armour Boutique.
 18666 | Orc:1    | Bought the +6 scale mail of Cipsag {rPois Int+3 Dex+3} for
                  | 867 gold pieces
 18702 | Orc:1    | Found a runed translucent gate.
 18703 | Orc:1    | Found a runed translucent gate.
 18703 | Orc:1    | Found a runed translucent gate.
 18704 | Orc:1    | Noticed ders's ghost (journeyman GrFi)
 18815 | Orc:1    | Found an iron altar of Okawaru.
 18835 | Orc:1    | Killed ders's ghost
 19094 | D:12     | Found a gate leading to a gauntlet.
 19102 | Gauntlet | Entered a Gauntlet
 19102 | Gauntlet | Found a transporter.
 19111 | Gauntlet | Found a transporter.
 19114 | Gauntlet | Found a transporter.
 19115 | Gauntlet | Found a transporter.
 19124 | Gauntlet | Found a transporter.
 19126 | Gauntlet | Found a transporter.
 19127 | Gauntlet | Found a transporter.
 19136 | Gauntlet | Found a transporter.
 19139 | Gauntlet | Found a transporter.
 19140 | Gauntlet | Found a transporter.
 19144 | Gauntlet | Found a runed translucent door.
 19146 | Gauntlet | Found a runed translucent door.
 19148 | Gauntlet | Found a transporter.
 19151 | Gauntlet | Found a transporter.
 19152 | Gauntlet | Found a transporter.
 19160 | Gauntlet | Found a transporter.
 19466 | Gauntlet | Demolished by a death scarab

Illustrated notes

Levels and vault maps discovered:
D:1:      arrival_aquarium_b, layout_basic, serial_aquarium,
          aquarium_bridge_straight [aquarium_subvault_bridge,
          aquarium_subvault_wall, aquarium_subvault_bridge,
          aquarium_subvault_window], aquarium_window_corner, aquarium_window_1,
          aquarium_view_2d, aquarium_view_2b, aquarium_balcony_5b,
          ebering_ecumenical_altar_box, minmay_pentomino_o2
D:2:      layout_loops_cross, basic_altar, kennysheep_pointless_box,
          minmay_misc_feat_chi, kennysheep_potato, uniq_crazy_yiuf_cottage
D:3:      layout_basic, cheibrodos_sewer_entry_bend, serial_shops, shop,
          minmay_door_square, minmay_cupped
D:4:      layout_basic, serial_shops, shop, shop_fountains,
          nicolae_zen_rock_garden, kennysheep_nub, uniq_menkaure
D:5:      layout_basic, pf_just_have_faith, minmay_temple_entry_antechambers,
          uniq_edmund
D:6:      gammafunk_cloud_chamber, layout_basic, nicolae_ossuary_entry_giza,
          uniq_prince_ribbit1
D:7:      layout_rooms, uniq_pikel
D:8:      gammafunk_boulding_lane, layout_gridville,
          nicolae_uskayaw_murder_on_the_dancefloor,
          nicolae_overflow_crystal_walls, due_lair_maze_entry_diamond,
          kennysheep_generic_room_2
D:9:      layout_loops_ring, lemuel_round_altar, chequers_jeans, grunt_ogre_cave
D:10:     layout_loops_ring, nicolae_ru_sacrificial_ziggurat,
          mainiacjoe_overflow_boulevard, erik_orc_3, enter_trove_3
D:11:     layout_loops_corners, serial_shops, nicolae_shop_trees, uniq_harold
D:12:     layout_grid_maze, gauntlet_entry_generic
Temple:   regret_index_temple_sphere_string
Lair:1:   layout_loops_ring, grunt_megastairs_3, serial_bayou_shore_b,
          infiniplex_staircase_pool, serial_bayou_shore_a, lemuel_fruit_tree,
          serial_bayou_shore_b
Lair:2:   layout_layer_cave
Lair:3:   gammafunk_indiana_jones, layout_loops_ring,
          minmay_swamp_entry_reptiles, minmay_snake_entry_guardpost_small,
          gammafunk_ghost_grave
Lair:4:   lemuel_slime, layout_small_grid, st_stairs_3, serial_bayou_lagoon_a
Lair:5:   layout_gridlike, st_stairs_10
Lair:6:   grunt_lair_end_beastmaster, layout_cave_pods,
          minmay_slime_entry_pillars, basic_altar
Orc:1:    layout_diamond_mine, serial_shops, nicolae_diamond_shop,
          gammafunk_ghost_fury_of_okawaru
Orc:2:    st_orc_ogre_mass, layout_caves, nooodl_orcs_dogs
Gauntlet: gammafunk_gauntlet_77_escape_option
          [minmay_gauntlet_arena_77_double_cross, minmay_gauntlet_arena_77_mess,
          minmay_gauntlet_arena_77_tiled_triplets,
          minmay_gauntlet_arena_77_shame_cube, minmay_gauntlet_arena_77_mirror,
          gauntlet_exit_watery]

Skill      XL: |  1  2  3  4  5  6  7  8  9 10 11 12 13 14 |
---------------+-------------------------------------------+-----
Axes           | 2 3 4 5 6 7 8 9 10 11 | 11.3
Armour         | 3 4 5 6 7 9 10 11 | 11.6
Shields        | 3 4 5 6 7 8 9 10 11 | 11.6
Fighting       | 4 5 6 7 8 9 10 11 12 | 12.5
Invocations    | 1 4 7 9 11 12 13 | 13.8
Evocations     | 4 6 |  6.5
Transmutations | 3 5 |  5.8

Action                   |  1- 3 |  4- 6 |  7- 9 | 10-12 | 13-15 || total
-------------------------+-------+-------+-------+-------+-------++-------
Melee: War axe           |   133 |   146 |   210 |   556 |   259 ||  1304
       Tailslap          |       |       |    77 |   131 |   170 ||   378
       Hand axe          |       |       |   145 |       |       ||   145
       Broad axe         |       |       |       |       |   464 ||   464
Throw: Dart              |       |       |       |     3 |       ||     3
 Cast: Wereblood         |       |       |       |       |     1 ||     1
Invok: Upheaval          |       |       |       |     3 |       ||     3
  Use: Scroll            |       |     4 |     4 |     7 |    19 ||    34
       Potion            |       |     1 |       |       |     3 ||     4
 Stab: Petrifying        |       |       |       |       |     1 ||     1
Armor: Scale mail        |    24 |       |       |       |    96 ||   120
       Plate armour      |    79 |    74 |   163 |    75 |       ||   391
       Chain mail        |       |       |       |   130 |       ||   130
       Ring mail         |       |       |       |   111 |   219 ||   330
Dodge: Dodged            |    34 |    36 |    58 |   142 |   150 ||   420
       Repelled          |       |       |       |       |     2 ||     2
Block: Tower shield      |    11 |       |   283 |       |  1010 ||  1304
       Buckler           |    40 |    41 |    15 |       |       ||    96
       Kite shield       |       |       |    21 |   531 |     6 ||   558

Table legend: (Time is in decaauts)
 A = Elapsed time spent in this place.
 B = Non-inter-level travel time spent in this place.
 C = Inter-level travel time spent in this place.
 D = Time resting spent in this place.
 E = Time spent auto-exploring this place.
 F = Levels seen in this place.
 G = Mean time per level.
                   A        B        C        D        E       F      G
               +--------+--------+--------+--------+--------+-----+--------+
         Total |  20344 |  19228 |   1116 |    180 |  12878 |  25 |  813.8 |
       Dungeon |  11179 |  10428 |    751 |     50 |   6971 |  12 |  931.6 |
        Temple |    210 |    179 |     31 |      0 |    138 |   1 |  210.0 |
          Lair |   6130 |   5838 |    292 |      0 |   4330 |   6 | 1021.7 |
  Orcish Mines |   1261 |   1220 |     41 |     96 |    653 |   2 |  630.5 |
         Trove |     45 |     45 |      0 |      0 |     21 |   1 |   45.0 |
         Sewer |    965 |    965 |      0 |     34 |    577 |   1 |  965.0 |
       Ossuary |    162 |    162 |      0 |      0 |     67 |   1 |  162.0 |
      Gauntlet |    387 |    387 |      0 |      0 |    120 |   1 |  387.0 |
               +--------+--------+--------+--------+--------+-----+--------+

Top non-repeatable levels by time:
     D:1: 1506 daAuts
  Lair:3: 1209 daAuts
     D:2: 1208 daAuts
  Lair:2: 1202 daAuts
  Lair:6: 1167 daAuts
    D:11: 1151 daAuts
    D:10: 1091 daAuts
     D:3: 1022 daAuts
     D:6: 1017 daAuts
   Sewer: 965 daAuts
     D:9: 948 daAuts
     D:4: 931 daAuts
     D:5: 922 daAuts
  Lair:1: 920 daAuts
  Lair:4: 871 daAuts
